| TOP OF THE 1ST |
|
Kingsport Mets batting - Pitching for Bristol Pirates : RHP Andres Guillen
|
|
Pitching: RHP Andres Guillen
|
|
|
Batting: RHB Michael Youngberry
|
0-0: Ball 1-0: Fly out, F4 (Line Drive, 34, EV 69.4 MPH)
|
|
Batting: RHB Artyom Shavkunov
|
0-0: Called Strike 0-1: Ball 1-1: Foul Ball, location: 2F 1-2: Foul Ball, location: 2F 1-2: SINGLE (Flyball, 7LS, EV 88.8 MPH)
|
|
Batting: SHB Tyler Maddux
|
0-0: Fly out, F9 (Line Drive, 9, EV 98.1 MPH)
|
|
Batting: SHB Nick Daigle
|
0-0: Ball 1-0: Called Strike 1-1: Ball 2-1: Fly out, F7 (Flyball, 7, EV 84.4 MPH)
|
| Top of the 1st over - 0 runs, 1 hit, 0 errors, 1 left on base; Kingsport 0 - Bristol 0 |
| BOTTOM OF THE 1ST |
|
Bristol Pirates batting - Pitching for Kingsport Mets : RHP Mark Paddock
|
|
Pitching: RHP Mark Paddock
|
|
|
Batting: RHB Alex Arzate
|
0-0: Called Strike 0-1: Foul Ball, location: 2F 0-2: Foul Ball, location: 2F 0-2: Ball 1-2: Ball 2-2: Foul Ball, location: 2F 2-2: Ball 3-2: Strikes out swinging
|
|
Batting: RHB Ricky Alvarado
|
0-0: Ball 1-0: Fly out, F9 (Line Drive, 9, EV 105.6 MPH)
|
|
Batting: RHB Melvin Durland
|
0-0: Called Strike 0-1: Ball 1-1: Ball 2-1: Ball 3-1: Base on Balls
|
|
Batting: LHB Dustin Herman
|
0-0: Ball Melvin Durland steals 2nd, throwing error, E2 Melvin Durland to third 1-0: Ball 2-0: 2-RUN HOME RUN (Flyball, 9D, EV 94.4 MPH), Distance : 357 ft
|
|
Batting: SHB Ronnie Brooks
|
0-0: Ball 1-0: Ball 2-0: Fly out, F9 (Flyball, 89S, EV 88.8 MPH)
|
| Bottom of the 1st over - 2 runs, 1 hit, 1 error, 0 left on base; Kingsport 0 - Bristol 2 |
| TOP OF THE 2ND |
|
Kingsport Mets batting - Pitching for Bristol Pirates : RHP Andres Guillen
|
|
Batting: RHB Bill Crogan
|
0-0: Ball 1-0: Called Strike 1-1: Foul Ball, location: 2F 1-2: Ball 2-2: Strikes out swinging
|
|
Batting: RHB Enrique Aguirre
|
0-0: Called Strike 0-1: Ball 1-1: Ground out 5-3 (Groundball, 56S, EV 81.9 MPH)
|
|
Batting: RHB Chris Artz
|
0-0: Ball 1-0: Ball 2-0: Ball 3-0: Base on Balls
|
|
Batting: SHB Keith Casner
|
0-0: Ball 1-0: Ball 2-0: Swinging Strike 2-1: Ball 3-1: Called Strike 3-2: Foul Ball, location: 2F 3-2: Foul Ball, location: 2F 3-2: Ground out 6-3 (Groundball, 6M, EV 78.8 MPH)
|
| Top of the 2nd over - 0 runs, 0 hits, 0 errors, 1 left on base; Kingsport 0 - Bristol 2 |
| BOTTOM OF THE 2ND |
|
Bristol Pirates batting - Pitching for Kingsport Mets : RHP Mark Paddock
|
|
Batting: LHB Kazuyoshi Ikeda
|
0-0: Called Strike 0-1: SOLO HOME RUN (Flyball, 9D, EV 92.5 MPH), Distance : 345 ft
|
|
Batting: RHB Chris Arroyo
|
0-0: Ball 1-0: Swinging Strike 1-1: Foul Ball, location: 2F 1-2: Ground out 4-3 (Groundball, 4M, EV 110.6 MPH)
|
|
Batting: RHB Ryan LeSueur
|
0-0: Ball 1-0: DOUBLE (Groundball, 5L, EV 104.4 MPH)
|
|
Batting: RHB Hidesuke Yoshida
|
0-0: Swinging Strike 0-1: Ball 1-1: Foul Ball, location: 2F 1-2: Strikes out swinging
|
|
Batting: RHB Alex Arzate
|
0-0: Fly out, F8 (Flyball, 78S, EV 91.2 MPH)
|
| Bottom of the 2nd over - 1 run, 2 hits, 0 errors, 1 left on base; Kingsport 0 - Bristol 3 |
| TOP OF THE 3RD |
|
Kingsport Mets batting - Pitching for Bristol Pirates : RHP Andres Guillen
|
|
Batting: RHB Sam Callahan
|
0-0: Swinging Strike 0-1: Ball 1-1: Foul Ball, location: 2F 1-2: Foul Ball, location: 2F 1-2: Ball 2-2: Ground out 6-3 (Groundball, 6, EV 87.5 MPH)
|
|
Batting: RHB Michael Youngberry
|
0-0: Ball 1-0: Ball 2-0: DOUBLE (Line Drive, 7LM, EV 111.9 MPH)
|
|
Batting: RHB Artyom Shavkunov
|
0-0: Swinging Strike 0-1: Ground out 5-3 (Groundball, 56S, EV 67.5 MPH) Michael Youngberry to third
|
|
Batting: SHB Tyler Maddux
|
0-0: Called Strike 0-1: Fly out, F8 (Flyball, 8LM, EV 76.2 MPH)
|
| Top of the 3rd over - 0 runs, 1 hit, 0 errors, 1 left on base; Kingsport 0 - Bristol 3 |
| BOTTOM OF THE 3RD |
|
Bristol Pirates batting - Pitching for Kingsport Mets : RHP Mark Paddock
|
|
Batting: RHB Ricky Alvarado
|
0-0: Called Strike 0-1: Ground out 5-3 (Groundball, 56, EV 108.1 MPH)
|
|
Batting: RHB Melvin Durland
|
0-0: Foul Ball, location: 2F 0-1: Called Strike 0-2: SOLO HOME RUN (Flyball, 78XD, EV 115.0 MPH), Distance : 462 ft
|
|
Batting: LHB Dustin Herman
|
0-0: Ball 1-0: Swinging Strike 1-1: Ground out 4-3 (Groundball, 4, EV 85.6 MPH)
|
|
Batting: SHB Ronnie Brooks
|
0-0: Ground out U3 (Groundball, 34, EV 106.2 MPH)
|
| Bottom of the 3rd over - 1 run, 1 hit, 0 errors, 0 left on base; Kingsport 0 - Bristol 4 |
| TOP OF THE 4TH |
|
Kingsport Mets batting - Pitching for Bristol Pirates : RHP Andres Guillen
|
|
Batting: SHB Nick Daigle
|
0-0: Ball 1-0: Called Strike 1-1: Foul Ball, location: 2F 1-2: Ground out 5-3 (Groundball, 5, EV 97.5 MPH)
|
|
Batting: RHB Bill Crogan
|
0-0: Called Strike 0-1: Called Strike 0-2: Ball 1-2: Ball 2-2: Foul Ball, location: 2F 2-2: Ball 3-2: Base on Balls
|
|
Batting: RHB Enrique Aguirre
|
0-0: Ball 1-0: Ball 2-0: Ball 3-0: Called Strike 3-1: Base on Balls Bill Crogan to second
|
|
Batting: RHB Chris Artz
|
0-0: Ball 1-0: Grounds into double play, 4-6-3 (Groundball, 4D, EV 98.1 MPH)
|
| Top of the 4th over - 0 runs, 0 hits, 0 errors, 1 left on base; Kingsport 0 - Bristol 4 |
| BOTTOM OF THE 4TH |
|
Bristol Pirates batting - Pitching for Kingsport Mets : RHP Mark Paddock
|
|
Batting: LHB Kazuyoshi Ikeda
|
0-0: Called Strike 0-1: Ball 1-1: Called Strike 1-2: Ball 2-2: Foul Ball, location: 2F 2-2: Foul Ball, location: 2F 2-2: DOUBLE (Line Drive, 5D, EV 105.0 MPH)
|
|
Batting: RHB Chris Arroyo
|
0-0: Ball 1-0: Swinging Strike 1-1: Foul Ball, location: 2F 1-2: Foul Ball, location: 2F 1-2: 2-RUN HOME RUN (Line Drive, 7D, EV 105.6 MPH), Distance : 397 ft
|
|
Pitching: RHP Jeremy Delka
|
|
|
Batting: RHB Ryan LeSueur
|
0-0: Ball 1-0: Called Strike 1-1: Called Strike 1-2: Ball 2-2: Ball 3-2: Strikes out swinging
|
|
Batting: RHB Hidesuke Yoshida
|
0-0: Ball 1-0: Foul Ball, location: 2F 1-1: Fly out, F8 (Flyball, 89M, EV 85.0 MPH)
|
|
Batting: RHB Alex Arzate
|
0-0: Ball 1-0: Swinging Strike 1-1: Called Strike 1-2: Ball 2-2: SINGLE (Groundball, 56D, EV 107.5 MPH)
|
|
Batting: RHB Ricky Alvarado
|
0-0: Ball Alex Arzate steals 2nd base 1-0: Called Strike 1-1: Swinging Strike 1-2: Foul Ball, location: 2F 1-2: Strikes out swinging
|
| Bottom of the 4th over - 2 runs, 3 hits, 0 errors, 1 left on base; Kingsport 0 - Bristol 6 |
| TOP OF THE 5TH |
|
Kingsport Mets batting - Pitching for Bristol Pirates : RHP Andres Guillen
|
|
Batting: SHB Keith Casner
|
0-0: Swinging Strike 0-1: Foul Ball, location: 2F 0-2: Foul Ball, location: 2F 0-2: Ball 1-2: Ball 2-2: Fly out, F9 (Flyball, 9D, EV 105.0 MPH)
|
|
Batting: RHB Sam Callahan
|
0-0: Ball 1-0: Called Strike 1-1: Foul Ball, location: 2F 1-2: Ball 2-2: Ground out 4-3 (Groundball, 4, EV 100.6 MPH)
|
|
Batting: RHB Michael Youngberry
|
0-0: Called Strike 0-1: Ball 1-1: Ball 2-1: Called Strike 2-2: Foul Ball, location: 2F 2-2: Foul Ball, location: 2F 2-2: Ball 3-2: Strikes out swinging
|
| Top of the 5th over - 0 runs, 0 hits, 0 errors, 0 left on base; Kingsport 0 - Bristol 6 |
| BOTTOM OF THE 5TH |
|
Bristol Pirates batting - Pitching for Kingsport Mets : RHP Jeremy Delka
|
|
Batting: RHB Melvin Durland
|
0-0: Foul Ball, location: 2F 0-1: Called Strike 0-2: Ball 1-2: Fly out, F9 (Flyball, 89S, EV 83.8 MPH)
|
|
Batting: LHB Dustin Herman
|
0-0: Called Strike 0-1: Ball 1-1: Called Strike 1-2: Foul Ball, location: 2F 1-2: Ball 2-2: Ball 3-2: Ground out 3-1 (Groundball, 34S, EV 78.1 MPH)
|
|
Batting: SHB Ronnie Brooks
|
0-0: Ball 1-0: Ball 2-0: Ball 3-0: Base on Balls
|
|
Batting: LHB Kazuyoshi Ikeda
|
0-0: Ball 1-0: Ball 2-0: Called Strike 2-1: Swinging Strike 2-2: SINGLE (Line Drive, 78S, EV 101.2 MPH) Ronnie Brooks to second
|
|
Pitching: RHP Jose Herrera
|
|
|
Batting: RHB Chris Arroyo
|
0-0: Ball 1-0: Foul Ball, location: 2F 1-1: Swinging Strike 1-2: Strikes out looking
|
| Bottom of the 5th over - 0 runs, 1 hit, 0 errors, 2 left on base; Kingsport 0 - Bristol 6 |
| TOP OF THE 6TH |
|
Kingsport Mets batting - Pitching for Bristol Pirates : RHP Andres Guillen
|
|
Batting: RHB Artyom Shavkunov
|
0-0: SINGLE (Groundball, 6MD, EV 94.4 MPH)
|
|
Batting: SHB Tyler Maddux
|
0-0: Ball 1-0: Ball 2-0: Foul Ball, location: 2F 2-1: Ball 3-1: Called Strike 3-2: Base on Balls Artyom Shavkunov to second
|
|
Batting: SHB Nick Daigle
|
0-0: Called Strike 0-1: Foul Ball, location: 2F 0-2: Foul Ball, location: 2F 0-2: Foul Ball, location: 2F 0-2: Ball 1-2: Strikes out swinging
|
|
Pitching: RHP Otok Barleyfoot
|
|
|
Batting: RHB Bill Crogan
|
0-0: Ball 1-0: Swinging Strike 1-1: Swinging Strike 1-2: Strikes out looking
|
|
Batting: RHB Enrique Aguirre
|
0-0: Ball 1-0: Foul Ball, location: 2F 1-1: Ball 2-1: Foul Ball, location: 2F 2-2: Ball 3-2: Foul Ball, location: 2F 3-2: Base on Balls Artyom Shavkunov to third Tyler Maddux to second
|
|
Batting: RHB Chris Artz
|
0-0: Swinging Strike 0-1: Foul Ball, location: 2F 0-2: Ball 1-2: Strikes out swinging
|
| Top of the 6th over - 0 runs, 1 hit, 0 errors, 3 left on base; Kingsport 0 - Bristol 6 |
| BOTTOM OF THE 6TH |
|
Bristol Pirates batting - Pitching for Kingsport Mets : RHP Jose Herrera
|
|
Batting: RHB Ryan LeSueur
|
0-0: Called Strike 0-1: Called Strike 0-2: Strikes out swinging
|
|
Batting: RHB Hidesuke Yoshida
|
0-0: SINGLE (Groundball, 6MD, EV 103.8 MPH)
|
|
Batting: RHB Alex Arzate
|
0-0: Swinging Strike 0-1: Swinging Strike 0-2: Ball 1-2: Strikes out swinging
|
|
Batting: RHB Ricky Alvarado
|
0-0: Called Strike Hidesuke Yoshida steals 2nd base 0-1: Ball 1-1: Ground out 2-3 (Groundball, 2L, EV 65.0 MPH)
|
| Bottom of the 6th over - 0 runs, 1 hit, 0 errors, 1 left on base; Kingsport 0 - Bristol 6 |
| TOP OF THE 7TH |
|
Kingsport Mets batting - Pitching for Bristol Pirates : RHP Otok Barleyfoot
|
|
Batting: SHB Keith Casner
|
0-0: Called Strike 0-1: Fly out, F8 (Flyball, 8LS, EV 91.9 MPH)
|
|
Batting: RHB Sam Callahan
|
0-0: Ground out 6-3 (Groundball, 6D, EV 86.2 MPH)
|
|
Batting: RHB Michael Youngberry
|
0-0: Called Strike 0-1: Ball 1-1: Ball 2-1: Ground out U3 (Groundball, 3, EV 100.6 MPH)
|
| Top of the 7th over - 0 runs, 0 hits, 0 errors, 0 left on base; Kingsport 0 - Bristol 6 |
| BOTTOM OF THE 7TH |
|
Bristol Pirates batting - Pitching for Kingsport Mets : RHP Jose Herrera
|
|
Batting: RHB Melvin Durland
|
0-0: Ball 1-0: Ball 2-0: Called Strike 2-1: Swinging Strike 2-2: Ball 3-2: Foul Ball, location: 2F 3-2: SINGLE (Groundball, 34D, EV 102.5 MPH)
|
|
Batting: LHB Dustin Herman
|
0-0: Ball 1-0: Called Strike Melvin Durland steals 2nd base 1-1: Ball 2-1: Ball 3-1: Foul Ball, location: 2F 3-2: Strikes out swinging
|
|
Pitching: LHP Antonio Davila
|
|
|
Batting: SHB Ronnie Brooks
|
0-0: Called Strike Melvin Durland steals 3rd, throwing error, E2 Melvin Durland scores 0-1: Foul Ball, location: 2F 0-2: Foul Ball, location: 2F 0-2: Strikes out swinging
|
|
Batting: LHB Kazuyoshi Ikeda
|
0-0: Hit by Pitch
|
|
Batting: RHB Chris Arroyo
|
0-0: Called Strike 0-1: Foul Ball, location: 2F 0-2: Foul Ball, location: 2F 0-2: Ball 1-2: DOUBLE (Flyball, 89XD, EV 108.8 MPH) Kazuyoshi Ikeda to third
|
|
Batting: RHB Ryan LeSueur
|
0-0: Ball 1-0: Called Strike 1-1: Ground out 6-3 (Groundball, 6, EV 85.0 MPH)
|
| Bottom of the 7th over - 1 run, 2 hits, 1 error, 2 left on base; Kingsport 0 - Bristol 7 |
| TOP OF THE 8TH |
|
Kingsport Mets batting - Pitching for Bristol Pirates : RHP Otok Barleyfoot
|
|
Batting: RHB Artyom Shavkunov
|
0-0: Ball 1-0: Ball 2-0: Foul Ball, location: 2F 2-1: Called Strike 2-2: Ball 3-2: Foul Ball, location: 2F 3-2: Strikes out swinging
|
|
Pitching: RHP Onne Stubbe
|
|
|
Batting: SHB Tyler Maddux
|
0-0: Ball 1-0: Ball 2-0: Ball 3-0: Foul Ball, location: 2F 3-1: Called Strike 3-2: Foul Ball, location: 2F 3-2: Base on Balls
|
|
Batting: SHB Nick Daigle
|
0-0: Foul Ball, location: 2F 0-1: Foul Ball, location: 2F 0-2: Hit by Pitch Tyler Maddux to second
|
|
Batting: RHB Bill Crogan
|
0-0: Swinging Strike 0-1: Ball 1-1: Ball 2-1: Swinging Strike 2-2: Strikes out swinging
|
|
Batting: RHB Enrique Aguirre
|
0-0: Ball 1-0: Called Strike 1-1: Ground out 5-3 (Groundball, 56S, EV 82.5 MPH)
|
| Top of the 8th over - 0 runs, 0 hits, 0 errors, 2 left on base; Kingsport 0 - Bristol 7 |
| BOTTOM OF THE 8TH |
|
Bristol Pirates batting - Pitching for Kingsport Mets : LHP Antonio Davila
|
|
Batting: RHB Hidesuke Yoshida
|
0-0: SOLO HOME RUN (Line Drive, 7D, EV 102.5 MPH), Distance : 407 ft
|
|
Batting: RHB Alex Arzate
|
0-0: Ball 1-0: Ball 2-0: Foul Ball, location: 2F 2-1: Fly out, F8 (Flyball, 8RM, EV 98.1 MPH)
|
|
Batting: RHB Ricky Alvarado
|
0-0: Ball 1-0: SINGLE (Groundball, 6MD, EV 106.2 MPH) (infield hit)
|
|
Pinch Hitting: RHB Jon Solis
|
0-0: Ball 1-0: Called Strike 1-1: Ball 2-1: Ball 3-1: Base on Balls Ricky Alvarado to second
|
|
Batting: LHB Dustin Herman
|
0-0: Ball 1-0: Called Strike 1-1: Ball 2-1: Foul Ball, location: 2F 2-2: Ball 3-2: Strikes out swinging
|
|
Batting: SHB Ronnie Brooks
|
0-0: Ball 1-0: Ball 2-0: Ball 3-0: Base on Balls Ricky Alvarado to third Jon Solis to second
|
|
Batting: LHB Kazuyoshi Ikeda
|
0-0: Called Strike 0-1: Ground out 3-1 (Groundball, 34, EV 101.9 MPH)
|
| Bottom of the 8th over - 1 run, 2 hits, 0 errors, 3 left on base; Kingsport 0 - Bristol 8 |
| TOP OF THE 9TH |
|
Kingsport Mets batting - Pitching for Bristol Pirates : RHP Onne Stubbe
|
|
Pitching: LHP Adam Clarke
|
|
|
Now in LF: Jon Solis
|
|
|
Batting: RHB Chris Artz
|
0-0: Fly out, F4 (Popup, 4MD, EV 63.8 MPH)
|
|
Pinch Hitting: RHB J.D. Brese
|
0-0: Ball 1-0: Called Strike 1-1: Foul Ball, location: 2F 1-2: Ball 2-2: SINGLE (Groundball, 4S, EV 68.1 MPH) (infield hit)
|
|
Batting: RHB Sam Callahan
|
0-0: Ball 1-0: Fly out, F9 (Line Drive, 89M, EV 106.9 MPH)
|
|
Pinch Hitting: LHB Jeremy Moorehead
|
0-0: Called Strike 0-1: Swinging Strike 0-2: Ball 1-2: Strikes out swinging
|
| Top of the 9th over - 0 runs, 1 hit, 0 errors, 1 left on base; Kingsport 0 - Bristol 8 |
|